 Dungeon Crawl Stone Soup version 0.30-a0-389-g8d7d949 (webtiles) character file.

Game seed: 16606069129516295009

563 BarneyGumball the Sneak (level 7, -5/35 HPs)
             Began as a Vine Stalker Brigand on Dec 3, 2022.
             Was an Initiate of Gozag.
             Splashed by a jelly's acid (6 damage)
             ... on level 5 of the Dungeon.
             The game lasted 00:18:50 (4212 turns).

BarneyGumball the Sneak (Vine Stalker Brigand)      Turns: 4212, Time: 00:18:51

Health: -5/35      AC: -21   Str: 14    XL:     7   Next: 32%
Magic:  0/8        EV: 11    Int: 11    God:    Gozag
Gold:   189        SH:  4    Dex: 17    Spells: 4/6 levels left

rFire   . . .      SeeInvis .    a - +2 dagger
rCold   . . .      Faith    .    y - +0 buckler
rNeg    . . .      Spirit   +    b - +0 robe
rPois   +          Reflect  .    (no helmet)
rElec   .          Harm     .    c - +0 cloak
rCorr   .          Rampage  .    (no gloves)
Will    .....                    (no boots)
Stlth   ++++......               (no amulet)
HPRegen 1.05/turn                l - ring of poison resistance
MPRegen 0.11/turn                (no ring)

@: corroded
A: fangs 2, regeneration 1, magic shield, antimagic bite, no potion heal 2
a: Renounce Religion, Potion Petition, Call Merchant, Bribe Branch


You were on level 5 of the Dungeon.
You worshipped Gozag.
Gozag was aware of your devotion.
You visited 2 branches of the dungeon, and saw 6 of its levels.

You collected 267 gold pieces.
You paid 78 gold pieces to Gozag.

Inventory:

Hand Weapons
 a - a +2 dagger (weapon)
 s - a +0 rapier
Missiles
 d - 21 poisoned darts (quivered)
 e - 3 curare-tipped darts
Armour
 b - a +0 robe (worn)
 c - a +0 cloak (worn)
 y - a +0 buckler (worn)
Jewellery
 l - a ring of poison resistance (left hand)
 t - an amulet of faith
Wands
 u - a wand of polymorph (14)
Scrolls
 f - 6 scrolls of teleportation
 g - a scroll of blinking {unknown}
 h - a scroll of fear {unknown}
 i - a scroll of magic mapping {unknown}
 j - 3 scrolls of enchant armour {unknown}
 k - a scroll of identify
 m - a scroll of poison {unknown}
 n - a scroll of amnesia {unknown}
 p - a scroll of enchant weapon {unknown}
 q - 2 scrolls of immolation
Potions
 o - 4 potions of flight
 r - a potion of curing
 v - a potion of brilliance {unknown}
 w - a potion of attraction {unknown}
 x - a potion of mutation
 z - a potion of cancellation {unknown}


   Skills:
 + Level 2.3 Fighting
 * Level 5.5 Short Blades
 - Level 1.9 Throwing
 - Level 1.0 Dodging
 + Level 7.2 Stealth
 + Level 1.2 Hexes


You had 4 spell levels left.
You knew the following spells:

 Your Spells              Type           Power      Damage    Failure   Level
a - Ensorcelled Hibernat  Hex/Ice        2%         N/A       50%         2

Your spell library contained the following spells:

 Spells                   Type           Power      Damage    Failure   Level
 Sandblast                Erth           0%         2d4       43%         1
 Passwall                 Tmut/Erth      0%         N/A       58%         2
 Stone Arrow              Conj/Erth      0%         3d7       82%         3
 Swiftness                Air            0%         N/A       82%         3
 Malign Gateway           Summ/Tloc      0%         N/A       100%        7
 Summon Horrible Things   Summ           0%         N/A       100%        8


Dungeon Overview and Level Annotations

Branches:
Dungeon (5/15)             Temple (1/1) D:5

Altars:
Fedhas
Gozag
Kikubaaqudgha
Makhleb
Okawaru
Trog
Vehumet
Xom
Yredelemnul
Zin
The Shining One

Shops:
D:2 (   D:5 (=(*


Innate Abilities, Weirdness & Mutations

You have extremely sharp teeth.
Your natural rate of healing is unusually fast.
When hurt, damage is shared between your health and your magic reserves.
Your bite disrupts and absorbs the magic of your enemies.
Potions cannot restore your health.


Message History

The jelly is heavily wounded.
The jelly completely misses you.
You hit the jelly but do no damage. The acid corrodes you!
Your hands burn!
You bite the jelly, but do no damage.
The jelly is heavily wounded.
You hit the jelly but do no damage.
Your hands burn!
You bite the jelly, but do no damage.
The jelly is heavily wounded.
The jelly hits you.
You are splashed with acid!
You are too injured to fight recklessly!
You hit the jelly but do no damage. The acid corrodes you!
Your hands burn!
You bite the jelly. You drain its power.
You feel invigorated.
The jelly is heavily wounded.
The jelly barely misses you.
You hit the jelly but do no damage.
Your hands burn!
You bite the jelly, but do no damage.
The jelly is heavily wounded.
The jelly hits you. The acid corrodes you!
You are splashed with acid!
* * * LOW HITPOINT WARNING * * *
You hit the jelly but do no damage.
Your hands burn!
* * * LOW HITPOINT WARNING * * *
You bite the jelly. You drain its power.
You feel invigorated.
The jelly is severely wounded.
The jelly closely misses you.
You have no ailments to cure.
You hit the jelly but do no damage.
Your hands burn!
* * * LOW HITPOINT WARNING * * *
The jelly is severely wounded.
You hit the jelly but do no damage. The acid corrodes you!
Your hands burn!
* * * LOW HITPOINT WARNING * * *
The jelly is severely wounded.
The jelly barely misses you.
You hit the jelly but do no damage.
Your hands burn!
You bite the jelly. You drain its power.
You feel invigorated.
The jelly is severely wounded.
The jelly hits you.
* * * LOW HITPOINT WARNING * * *
The acid corrodes you!
You are splashed with acid!
You die...
Your body crumbles into a pile of gold.

.....#
########.##..###.#
##### #.........#
####)###### #.#
### ### #.# #..
..# #.# #.# #.#
#.# #J# #.#
#.#######
#@####.###!......#
#...........####.#
#..###.##....#....
#......#.......#.#
##.######....###.#
#.# ##.......#
##.## #.####### #.
##...# #.# # # #.
#....# ##.## #


You could see a jelly.

Vanquished Creatures
  2 phantoms
  A scorpion (D:5)
  A hound (D:5)
  A jelly (D:4)
  An orc priest (D:4)
  2 iguanas
  9 adders
  2 ufetubi
  3 worms
  2 dart slugs
  11 orcs
  6 bats
  9 endoplasms
  9 giant cockroaches
  9 goblins
  9 hobgoblins
  2 jackals (D:3)
  7 kobolds
  5 quokkas
  3 ball pythons
  3 frilled lizards
  5 rats
102 creatures vanquished.

Notes
Turn   | Place    | Note
-------+----------+-------------------------------------------
     0 | D:1      | BarneyGumball the Vine Stalker Brigand began the quest for
                  | the Orb.
     0 | D:1      | Reached XP level 1. HP: 11/11 MP: 2/2
    46 | D:1      | Reached skill level 1 in Dodging
    46 | D:1      | Reached XP level 2. HP: 15/15 MP: 3/3
    60 | D:1      | Reached skill level 5 in Stealth
   482 | D:1      | Found a faded altar of an unknown god.
   617 | D:1      | Reached XP level 3. HP: 17/18 MP: 4/4
  1236 | D:2      | Found Cemios's Antique Weapon Boutique.
  1755 | D:3      | Gained mutation: Your natural rate of healing is unusually
                  | fast. [Vine Stalker growth]
  1755 | D:3      | Reached XP level 4. HP: 23/23 MP: 5/5
  2132 | D:3      | Learned a level 2 spell: Ensorcelled Hibernation
  2457 | D:3      | Reached XP level 5. HP: 21/26 MP: 2/6
  2506 | D:4      | Noticed a phantom
  2545 | D:4      | Reached skill level 6 in Stealth
  2843 | D:4      | Killed a phantom
  2844 | D:4      | Reached XP level 6. HP: 18/30 MP: 4/7
  3243 | D:5      | Entered Level 5 of the Dungeon
  3270 | D:5      | Reached skill level 5 in Short Blades
  3294 | D:5      | Found Nodexeol's Weapon Boutique.
  3402 | D:5      | Found Cibeduax's Assorted Antiques.
  3469 | D:5      | Reached skill level 7 in Stealth
  3658 | D:5      | Found Toefe's Jewellery Shoppe.
  3693 | D:5      | Reached XP level 7. HP: 32/35 MP: 6/8
  3843 | D:5      | Reached skill level 1 in Hexes
  3900 | D:5      | Found Hesuv's Weapon Boutique.
  4071 | D:5      | Found a staircase to the Ecumenical Temple.
  4095 | Temple   | Entered the Ecumenical Temple
  4143 | Temple   | Became a worshipper of Gozag Ym Sagoz the Greedy
  4212 | D:5      | HP: 1/35 [jelly (2)]
  4212 | D:5      | Splashed by a jelly's acid

Illustrated notes

Levels and vault maps discovered:
D:1:      wander_arrival_peaceful_grave, layout_basic,
          hellmonk_ecumenical_altar_run_dry
D:2:      layout_basic, serial_shops, nicolae_shop_competitors_out_of_business
D:3:      layout_loops_ring
D:4:      layout_cave_pools, minmay_hedge_maze
D:5:      layout_loops_corners, minmay_temple_entry_poolview, serial_shops,
          nicolae_shop_overgrown_old_shop, shop,
          nicolae_shop_bloodbath_and_beyond, nicolae_square_shop
Temple:   hellmonk_temple_of_storms

Skill      XL: |  1  2  3  4  5  6  7 |
---------------+----------------------+-----
Dodging        | 1 |  1.0
Short Blades   | 2 3 4 5 |  5.5
Stealth        | 5 6 7 |  7.2
Fighting       | 2 |  2.3
Hexes          | 1 |  1.2
Throwing       | |  1.9

Action                   |  1- 3 |  4- 6 |  7- 9 || total
-------------------------+-------+-------+-------++-------
Melee: Dagger            |   116 |   255 |    46 ||   417
       Bite              |    25 |    73 |    22 ||   120
       Punch             |     1 |     3 |       ||     4
Throw: Throwing net      |     1 |       |       ||     1
       Dart              |       |     3 |       ||     3
  Use: Scroll            |       |     8 |       ||     8
       Potion            |       |     1 |       ||     1
 Stab: Sleeping          |    18 |     9 |     1 ||    28
       Distracted        |       |       |     2 ||     2
Armor: Robe              |    19 |    28 |     5 ||    52
Dodge: Dodged            |    52 |   106 |    14 ||   172

Table legend: (Time is in decaauts)
 A = Elapsed time spent in this place.
 B = Non-inter-level travel time spent in this place.
 C = Inter-level travel time spent in this place.
 D = Time resting spent in this place.
 E = Time spent auto-exploring this place.
 F = Levels seen in this place.
 G = Mean time per level.
                   A        B        C        D        E       F      G
               +--------+--------+--------+--------+--------+-----+--------+
         Total |   4110 |   3947 |    163 |     62 |   2828 |   6 |  685.0 |
       Dungeon |   4042 |   3899 |    143 |     62 |   2804 |   5 |  808.4 |
        Temple |     68 |     48 |     20 |      0 |     24 |   1 |   68.0 |
               +--------+--------+--------+--------+--------+-----+--------+

Top non-repeatable levels by time:
     D:1: 1029 daAuts
     D:5: 850 daAuts
     D:4: 753 daAuts
     D:3: 728 daAuts
     D:2: 680 daAuts
  Temple: 68 daAuts
